 Dungeon Crawl Stone Soup version 0.28.0-53-g5a82cb258f (webtiles) character file.

Game seed: 17297974420505916301

80421 issech the Slicer (level 15, -11/122 HPs)
             Began as a Minotaur Monk on June 14, 2022.
             Was the Champion of Hepliaklqana.
             Shot with an arrow by a deep elf master archer (17 damage)
             ... on level 1 of the Elven Halls.
             The game lasted 02:01:13 (29960 turns).

issech the Slicer (Minotaur Monk)                  Turns: 29960, Time: 02:01:14

Health: -11/122    AC: 18    Str: 19    XL:     15   Next: 23%
Magic:  0/14       EV: 24    Int:  7    God:    Hepliaklqana [******]
Gold:   1896       SH:  0    Dex: 30    Spells: 14/14 levels left

rFire   . . .      SeeInvis .   C - +10 hunting sling "Imp's Funeral" {vorpal, rPois rN++ rCorr}
rCold   . . .      Faith    .   Z - +0 kite shield
rNeg    + + +      Spirit   +   y - +3 ring mail "Jimisi Nopu" {rN+ Dex+7}
rPois   +          Reflect  .   (helmet restricted)
rElec   .          Harm     .   P - +2 cloak
rCorr   +          Rampage  .   (no gloves)
Will    +....      Rage     1%  b - +2 pair of boots
Stlth   +.........              v - amulet of guardian spirit
HPRegen 0.30/turn               m - +4 ring of evasion
MPRegen 0.14/turn               F - +6 ring of dexterity

@: confused
A: reduced essence, horns 2, retaliatory headbutt, berserk 1
a: Renounce Religion, Recall Ancestor, Ancestor Identity, Transference, Idealise


You were on level 1 of the Elven Halls.
You worshipped Hepliaklqana.
Hepliaklqana was exalted by your worship.
You visited 5 branches of the dungeon, and saw 25 of its levels.
You also visited: Ice Cave.

You collected 2117 gold pieces.
You spent 221 gold pieces at shops.

Inventory:

Hand Weapons
 c - a +3 antimagic spear
 r - a +2 long sword of holy wrath
 w - the +1 war axe of Tender Mercy {speed, Int+3 Dex+4}
   (You bought it in a shop on level 2 of the Orcish Mines)

   Attacks with this weapon are significantly faster.
   Int:       It affects your intelligence (+3).
   Dex:       It affects your dexterity (+4).
 B - a +6 glaive of venom
 C - the +10 hunting sling "Imp's Funeral" (weapon) {vorpal, rPois rN++ rCorr}
   (You found it on level 5 of the Lair of Beasts)

   Any ammunition fired from it inflicts extra damage upon your enemies.
   rPois:     It protects you from poison.
   rN:        It greatly protects you from negative energy.
   rCorr:     It protects you from acid and corrosion.
 H - the +5 rapier of Insufficient Pleasure {vorpal, Contam Str+8 Int+3}
   (You found it on level 5 of the Dungeon)

   It inflicts extra damage upon your enemies.
   Str:       It affects your strength (+8).
   Int:       It affects your intelligence (+3).
   Contam:    It causes magical contamination when unequipped.
 T - a +2 war axe of flaming
Missiles
 d - 32 poisoned darts
 h - 617 stones
 i - 293 sling bullets (quivered ammo)
 j - 613 arrows
 u - 3 throwing nets
 Q - 14 boomerangs
 U - 455 bolts
 Y - 5 datura-tipped darts
Armour
 b - a +2 pair of boots (worn)
 p - a +0 plate armour
 q - a +2 chain mail of cold resistance
 y - the +3 ring mail "Jimisi Nopu" (worn) {rN+ Dex+7}
   (You found it on level 4 of the Lair of Beasts)

   Dex:       It affects your dexterity (+7).
   rN:        It protects you from negative energy.
 N - +0 swamp dragon scales
 P - a +2 cloak (worn)
 Z - a +0 kite shield (worn)
Jewellery
 f - a +4 ring of evasion
 m - a +4 ring of evasion (left hand)
 v - an amulet of guardian spirit (around neck)
 D - a +6 ring of strength
 F - a +6 ring of dexterity (right hand)
 O - a +6 ring of strength
 V - a ring of willpower
Wands
 o - a wand of acid (5)
 A - a wand of charming (5)
 I - a wand of flame (22)
 J - a wand of iceblast (10)
 L - a wand of polymorph (12)
 R - a wand of digging (11)
 W - a wand of mindburst (2)
Scrolls
 e - 4 scrolls of enchant weapon
 l - 3 scrolls of fog
 n - 3 scrolls of magic mapping
 t - 15 scrolls of teleportation
 M - 2 scrolls of blinking
 S - a scroll of fear
Potions
 a - a potion of haste
 g - a potion of heal wounds
 k - 10 potions of curing {unknown}
 s - 4 potions of berserk rage
 x - a potion of mutation
 z - 2 potions of ambrosia
 E - 5 potions of flight
 G - a potion of might


   Skills:
 + Level 13.2 Fighting
 + Level 14.7 Short Blades
 + Level 7.0(8.1) Axes
 + Level 6.1(7.7) Maces & Flails
 + Level 1.8(4.3) Slings
 + Level 5.5(5.7) Throwing
 + Level 13.6 Armour
 + Level 10.0 Dodging
 + Level 6.4 Stealth
 + Level 14.0 Shields


You had 14 spell levels left.
You didn't know any spells.
Your spell library contained the following spells:

 Spells                   Type           Power      Damage    Failure   Level
 Apportation              Tloc           0%         N/A       78%         1
 Shock                    Conj/Air       0%         1d3       78%         1
 Ensorcelled Hibernation  Hex/Ice        0%         N/A       89%         2
 Static Discharge         Conj/Air       0%         N/A       89%         2
 Confusing Touch          Hex            0%         N/A       98%         3
 Conjure Flame            Conj/Fire      0%         6-21      98%         3
 Dazzling Flash           Conj/Hex       0%         N/A       98%         3
 Gell's Gravitas          Tloc           0%         N/A       98%         3
 Ignite Poison            Fire/Tmut/Pois 0%         N/A       98%         3
 Lesser Beckoning         Tloc           0%         N/A       98%         3
 Spider Form              Tmut/Pois      0%         N/A       98%         3
 Stone Arrow              Conj/Erth      0%         3d7       98%         3
 Swiftness                Air            0%         N/A       98%         3
 Teleport Other           Tloc           0%         N/A       98%         3
 Airstrike                Air            0%         N/A       100%        4
 Anguish                  Hex/Necr       0%         N/A       100%        4
 Animate Armour           Summ/Erth      0%         N/A       100%        4
 Animate Dead             Necr           0%         N/A       100%        4
 Hailstorm                Conj/Ice       0%         3d3       100%        4
 Ice Form                 Ice/Tmut       0%         N/A       100%        4
 Sticky Flame             Conj/Fire      0%         2d3       100%        4
 Agony                    Necr           0%         N/A       100%        5
 Alistair's Intoxication  Tmut/Pois      0%         N/A       100%        5
 Blade Hands              Tmut           0%         N/A       100%        5
 Borgnjor's Vile Clutch   Necr/Erth      0%         N/A       100%        5
 Fireball                 Conj/Fire      0%         3d3       100%        5
 Irradiate                Conj/Tmut      0%         3d14      100%        5
 Lightning Bolt           Conj/Air       0%         1d11      100%        5
 Silence                  Hex/Air        0%         N/A       100%        5
 Yara's Violent Unravell  Hex/Tmut       0%         3d3       100%        5
 Eringya's Noxious Bog    Tmut/Pois      0%         N/A       100%        6
 Simulacrum               Ice/Necr       0%         N/A       100%        6
 Starburst                Conj/Fire      0%         6d3       100%        6
 Dragon Form              Tmut           0%         N/A       100%        7
 Enfeeble                 Hex            0%         N/A       100%        7
 Haunt                    Necr/Summ      0%         N/A       100%        7
 Ignition                 Fire           0%         3d3       100%        8
 Infestation              Necr           0%         N/A       100%        8
 Lehudib's Crystal Spear  Conj/Erth      0%         10d2      100%        8
 Maxwell's Capacitive Co  Air            0%         ∞         100%        8


Dungeon Overview and Level Annotations

Branches:
Dungeon (15/15)            Temple (1/1) D:4            Lair (6/6) D:8
  Swamp (0/4) Lair:2       Spider (0/4) Lair:4        Slime (0/5) Lair:5
    Orc (2/2) D:10            Elf (1/3) Orc:2         IceCv (visited)
 Vaults: D:13-14     Depths: D:15

Altars:
Ashenzari
Cheibriados
Dithmenos
Elyvilon
Fedhas
Gozag
Hepliaklqana
Kikubaaqudgha
Makhleb
Nemelex Xobeh
Okawaru
Qazlal
Ru
Sif Muna
Trog
Uskayaw
Vehumet
Wu Jian
Xom
Yredelemnul
Zin
The Shining One
Beogh

Shops:
Orc:2 ([[(

Annotations:
D:14 3 runed translucent doors, Naemmytz's ghost, journeyman DsFi; Qyhuz's ghost, journeyman MiBe


Innate Abilities, Weirdness & Mutations

Your life essence is reduced to manifest your ancestor. (-10% HP)
You have a pair of horns on your head.
You reflexively headbutt those who attack you in melee.
You tend to lose your temper in combat.


Message History

The deep elf master archer wields a +0 longbow.
The deep elf master archer shoots an arrow.
The arrow barely misses you.
You bump into the rock wall.
The deep elf master archer shoots an arrow.
The arrow hits you!
The deep elf archer unwields a +0 dagger.
The deep elf archer wields a +0 longbow.
The deep elf archer shoots an arrow.
The arrow hits you but does no damage.
The deep elf archer unwields a +0 short sword.
The deep elf archer wields a +0 shortbow.
The deep elf archer shoots an arrow.
The arrow completely misses you.
The deep elf archer shoots an arrow.
The arrow closely misses you.
The deep elf master archer shoots an arrow.
The arrow hits you!!
The deep elf archer shoots an arrow.
The arrow hits Ælfric!!
You're too confused to move!
The deep elf master archer shoots an arrow.
The arrow hits you!!!
The deep elf archer shoots an arrow.
The arrow hits you.
The deep elf archer shoots an arrow.
The arrow hits Ælfric!! Ælfric is destroyed!
The deep elf master archer shoots an arrow.
The arrow completely misses you.
The deep elf master archer shoots an arrow.
The arrow hits you!!
The deep elf archer gestures at you while chanting.
You resist with some effort.
You're too confused to move!
The deep elf master archer shoots an arrow.
The arrow hits you!!
* * * LOW HITPOINT WARNING * * *
The deep elf master archer shoots an arrow.
The arrow hits you!!
* * * LOW HITPOINT WARNING * * *
The deep elf archer shoots an arrow.
The arrow barely misses you.
You are too confused!
Unknown command.
The deep elf master archer shoots an arrow.
The arrow hits you!!
You die... #.....# +..>..# ...... #.....# ...... # #.....# ...e. # #.....# ee.e

# #.....# ..### #
#.....# ###..#.# #
#.....# #....#.# #
#.....# #.@# #.# #
#.....# #.## #.# #
#.....# #.# #.#
####.....# #.# #.#
...#.....# #.# #.#
...'..<..# #.# #.#
##.#..)..# #.# #.#
##.#..[.## #.# #>#
##'##[)####++##'##
#.#


You could see a deep elf master archer and 2 deep elf archers.

Vanquished Creatures
  Josephine (Lair:6)
  An ice dragon (D:14)
  8 hydras
  A two-headed ogre (D:8)
  2 dancing weapons
  6 death yaks
  2 orc high priests (Orc:1)
  A deep elf knight (D:15)
  Sonja (D:12)
  A bog body (IceCv)
  A lindwurm (Lair:6)
  2 deep elf pyromancers
  An orc knight (Orc:2)
  A deep elf zephyrmancer (Elf:1)
  2 cyclopes (Orc:2)
  8 black mambas
  Joseph (Lair:1)
  10 elephants
  An ice statue (IceCv)
  10 cane toads
  An unseen horror (D:11)
  3 rime drakes
  A kobold demonologist (D:11)
  An efreet (D:14)
  4 komodo dragons
  A freezing wraith (IceCv)
  An entropy weaver simulacrum (IceCv)
  3 trolls
  6 polar bears
  A tyrant leech (Lair:2)
  A meliai (Lair:4)
  3 hornets
  5 dream sheep
  9 blink frogs
  4 slime creatures (D:12)
  Sigmund (D:6)
  10 spriggans (Lair:6)
  2 basilisks
  4 wraiths
  A vampire (D:12)
  3 wyverns (Lair:4)
  A dire elephant simulacrum (IceCv)
  A water elemental (Elf:1)
  13 yaks
  18 vampire mosquitoes
  A harpy simulacrum (IceCv)
  2 death yak simulacra (IceCv)
  3 wargs (Orc:1)
  11 water moccasins
  An ice beast (D:8)
  3 necrophages
  21 orc warriors
  4 ogres
  3 black bears
  7 boggarts
  25 wolves
  9 centaurs
  A phantom (D:5)
  3 kobold brigands
  8 bullfrogs
  A gnoll sergeant (D:8)
  A cane toad simulacrum (IceCv)
  7 two-headed ogre simulacra (IceCv)
  A scorpion (D:5)
  A water moccasin skeleton (D:5)
  3 elephant simulacra (IceCv)
  7 killer bees
  3 wights (D:7)
  4 howler monkeys
  4 centaur zombies
  6 orc priests
  3 hounds
  2 jellies (D:5)
  3 bullfrog skeletons
  3 iguanas
  5 troll simulacra (IceCv)
  6 orc wizards
  7 spriggan simulacra (IceCv)
  A hound zombie (D:5)
  27 gnolls
  10 adders
  2 naga simulacra (IceCv)
  3 white imps (IceCv)
  4 ufetubi (IceCv)
  2 worms
  4 dart slugs
  47 orcs
  3 bats
  9 endoplasms
  5 goblins
  2 hobgoblins (D:2)
  16 jackals (D:3)
  5 quokkas
  6 ball pythons
  3 frilled lizards
  14 kobolds
  4 rats
  A spectral hobgoblin (D:2)
  A fungus (Lair:1)
497 creatures vanquished.

Vanquished Creatures (collateral kills)
  A deep elf demonologist (Elf:1)
  A hydra (Lair:3)
  2 centaur warriors
  5 death yaks
  A two-headed ogre (Orc:2)
  4 deep elf archers (Elf:1)
  A bog body (IceCv)
  A deep elf zephyrmancer (Elf:1)
  2 deep elf pyromancers (Elf:1)
  An oklob plant (Lair:3)
  An orc knight (Orc:2)
  A cyclops (Orc:2)
  3 elephants
  An ugly thing (D:13)
  12 cane toads
  2 rime drakes
  4 komodo dragons
  A troll (Orc:1)
  A polar bear (Lair:4)
  3 hornets (Lair:6)
  4 blink frogs
  3 dream sheep (Lair:4)
  2 spriggans (Lair:6)
  2 wyverns
  12 yaks
  2 dire elephant simulacra (IceCv)
  A wraith (Lair:6)
  Grum (D:10)
  2 vampire mosquitoes
  2 basilisks
  A swamp worm (Lair:2)
  4 water moccasins
  5 orc warriors
  12 wolves
  3 centaurs (Orc:2)
  A boggart (D:11)
  A black bear (Lair:2)
  4 bullfrogs
  2 two-headed ogre simulacra (IceCv)
  2 killer bees (Lair:4)
  An elephant simulacrum (IceCv)
  An electric eel (Lair:3)
  3 orc priests
  2 orc wizards
  A troll simulacrum (IceCv)
  5 orcs
127 creatures vanquished.

Vanquished Creatures (others)
  13 battlemagi
  2 human simulacra (D:14)
  50 fungi
  53 plants
118 creatures vanquished.

Grand Total: 742 creatures vanquished

Notes
Turn   | Place    | Note
-------+----------+-------------------------------------------
     0 | D:1      | issech the Minotaur Monk began the quest for the Orb.
     0 | D:1      | Reached XP level 1. HP: 19/19 MP: 0/0
   273 | D:1      | Reached XP level 2. HP: 18/27 MP: 1/1
  1030 | D:2      | Reached XP level 3. HP: 31/33 MP: 2/2
  1193 | D:2      | Found a faded altar of an unknown god.
  1615 | D:3      | Reached skill level 1 in Armour
  1760 | D:3      | Reached XP level 4. HP: 24/41 MP: 3/3
  2819 | D:3      | Reached skill level 5 in Axes
  2846 | D:3      | Reached XP level 5. HP: 39/47 MP: 2/4
  2998 | D:3      | Noticed an ogre
  3060 | D:3      | HP: 1/47 [gnoll/+0 flail (3)]
  3088 | D:2      | HP: 2/47 [gnoll/+0 flail (3)]
  3775 | D:4      | Reached XP level 6. HP: 53/55 MP: 3/5
  4234 | D:3      | Reached skill level 5 in Fighting
  4242 | D:3      | Reached skill level 1 in Maces & Flails
  4508 | D:3      | Reached XP level 7. HP: 61/61 MP: 6/6
  4883 | D:4      | Found a staircase to the Ecumenical Temple.
  4901 | Temple   | Entered the Ecumenical Temple
  5420 | D:4      | Reached skill level 5 in Dodging
  5499 | D:4      | Found a radiant altar of Vehumet.
  5992 | D:5      | Entered Level 5 of the Dungeon
  6051 | D:5      | Reached XP level 8. HP: 66/69 MP: 7/7
  6150 | D:5      | Identified the +5 rapier of Insufficient Pleasure {vorpal,
                  | Contam Str+8 Int+3}
  6248 | D:5      | Reached skill level 5 in Maces & Flails
  6855 | D:6      | Reached skill level 1 in Short Blades
  7008 | D:6      | Noticed Sigmund
  7194 | D:6      | Killed Sigmund
  7315 | D:7      | Reached XP level 9. HP: 67/78 MP: 8/8
  7732 | D:7      | Found a glowing silver altar of Zin.
  7732 | D:7      | Noticed an angel
  7776 | D:7      | Reached skill level 1 in Throwing
  8456 | D:8      | Reached skill level 5 in Armour
  8521 | D:8      | Noticed a two-headed ogre
  8530 | D:8      | Killed a two-headed ogre
  8531 | D:8      | Reached skill level 5 in Short Blades
  8673 | D:8      | Found a staircase to the Lair.
  9020 | D:8      | Paralysed by a hornet for 2 turns
  9701 | D:8      | Paralysed by a hornet for 2 turns
 10305 | D:9      | Reached XP level 10. HP: 88/88 MP: 9/9
 10700 | D:9      | Found a hazy altar of Hepliaklqana.
 10705 | D:9      | Found a snail-covered altar of Cheibriados.
 10705 | D:9      | Found a stormy altar of Qazlal.
 10711 | D:9      | Found a white marble altar of Elyvilon.
 10714 | D:9      | Became a worshipper of Hepliaklqana the Forgotten
 10714 | D:9      | Reached * piety under Hepliaklqana
 10714 | D:9      | Reached ** piety under Hepliaklqana
 10715 | D:9      | Remembered your ancestor Ælfric as a battlemage
 10873 | D:9      | Reached skill level 1 in Shields
 11035 | D:10     | Entered Level 10 of the Dungeon
 11172 | D:10     | Paralysed by a hornet for 3 turns
 11813 | D:10     | Noticed Grum
 11826 | D:10     | Killed Grum
 12086 | D:10     | Found a staircase to the Orcish Mines.
 12264 | D:11     | Noticed a centaur warrior
 12279 | D:11     | Noticed an eight-headed hydra
 12376 | D:11     | Killed an eight-headed hydra
 12471 | D:11     | Reached XP level 11. HP: 85/85 MP: 10/10
 12674 | D:11     | Noticed a seven-headed hydra
 12681 | D:11     | Killed a seven-headed hydra
 12911 | D:11     | Noticed a six-headed hydra
 12920 | D:11     | Killed a six-headed hydra
 13316 | D:12     | Reached *** piety under Hepliaklqana
 13383 | D:12     | Found a glowing golden altar of the Shining One.
 13471 | D:12     | Reached skill level 5 in Shields
 13544 | D:12     | Noticed a centaur warrior
 13554 | D:12     | Killed a centaur warrior
 13870 | D:12     | Noticed Sonja
 13885 | D:12     | Killed Sonja
 13886 | D:12     | Reached skill level 10 in Short Blades
 14247 | D:12     | Reached skill level 10 in Armour
 14435 | D:12     | You fall into a shaft and drop 3 floors!
 14435 | D:15     | Entered Level 15 of the Dungeon
 14435 | D:15     | Noticed a deep elf knight
 14445 | D:15     | Killed a deep elf knight
 14540 | D:15     | Noticed a deep elf pyromancer
 14542 | D:15     | Noticed a red ugly thing
 14542 | D:15     | Noticed a red ugly thing
 14558 | D:15     | Noticed a seven-headed hydra
 14645 | D:14     | Found a runed translucent gate.
 14646 | D:14     | Found a runed translucent gate.
 14647 | D:14     | Found a runed translucent gate.
 14648 | D:14     | Noticed Qyhuz's ghost (journeyman MiBe)
 14648 | D:14     | Noticed Naemmytz's ghost (journeyman DsFi)
 14835 | D:14     | Noticed an ice dragon
 14859 | D:14     | Killed an ice dragon
 15203 | D:13     | Noticed a brown ugly thing
 15211 | D:13     | Killed a brown ugly thing
 15212 | D:13     | Reached XP level 12. HP: 81/93 MP: 8/11
 15305 | D:12     | Reached **** piety under Hepliaklqana
 15503 | D:12     | Reached skill level 5 in Stealth
 15886 | Lair:1   | Entered Level 1 of the Lair of Beasts
 15955 | Lair:1   | Noticed a six-headed hydra
 15965 | Lair:1   | Killed a six-headed hydra
 16070 | Lair:1   | Noticed Joseph
 16081 | Lair:1   | Killed Joseph
 17391 | Lair:2   | Found a staircase to the Swamp.
 17866 | Lair:3   | Reached ***** piety under Hepliaklqana
 17928 | Lair:3   | Reached skill level 10 in Fighting
 18313 | Lair:3   | Reached XP level 13. HP: 93/102 MP: 10/12
 18843 | Lair:3   | Reached skill level 10 in Shields
 20212 | Lair:4   | Found a hole to the Spider Nest.
 20835 | Lair:4   | Identified the +3 ring mail "Jimisi Nopu" {rN+ Dex+7}
 21459 | Lair:5   | Found a frozen archway.
 21468 | IceCv    | Entered an ice cave
 22876 | IceCv    | Reached XP level 14. HP: 106/112 MP: 11/13
 23401 | Lair:5   | Identified the +10 hunting sling "Imp's Funeral" {vorpal,
                  | rPois rN++ rCorr}
 23581 | Lair:5   | Got the Disquisition on Confrontation
 23845 | Lair:5   | Found a staircase to the Slime Pits.
 24498 | Lair:6   | Entered Level 6 of the Lair of Beasts
 24819 | Lair:6   | Reached skill level 5 in Throwing
 25186 | Lair:6   | Reached ****** piety under Hepliaklqana
 25234 | Lair:6   | Noticed Josephine
 25250 | Lair:6   | Killed Josephine
 27175 | Orc:1    | Entered Level 1 of the Orcish Mines
 27635 | Orc:2    | Entered Level 2 of the Orcish Mines
 27636 | Orc:2    | Found a staircase to the Elven Halls.
 27876 | Orc:2    | Reached XP level 15. HP: 91/120 MP: 11/14
 28415 | Orc:2    | Found Teidgh's Armour Shoppe.
 28415 | Orc:2    | Found Qupeps's Antique Armour Boutique.
 28417 | Orc:2    | Found Pyqu's Antique Weapon Shop.
 28419 | Orc:2    | Found Faokoh's Weapon Emporium.
 28430 | Orc:2    | Bought a bloodstained war axe for 221 gold pieces
 28430 | Orc:2    | Identified the +1 war axe of Tender Mercy {speed, Int+3
                  | Dex+4} (You bought it in a shop on level 2 of the Orcish
                  | Mines)
 28430 | Orc:2    | Gained mutation: You tend to lose your temper in combat.
                  | [mutagenic glow]
 28689 | Elf:1    | Entered Level 1 of the Elven Halls
 29101 | Elf:1    | Reached skill level 1 in Slings
 29642 | Elf:1    | Reached skill level 10 in Dodging
 29954 | Elf:1    | Noticed a deep elf master archer
 29959 | Elf:1    | HP: 6/122 [deep elf master archer/arrow (23)]
 29960 | Elf:1    | Shot with an arrow by a deep elf master archer

Illustrated notes

Levels and vault maps discovered:
D:1:      elethiomel_arrival_maze, layout_basic, st_stairs_12, item_on_display_a
D:2:      layout_basic, dreamdust_ecumenical_altar_drowned_temple
D:3:      lemuel_castle_with_subvaults [lemuel_castle_interior_carwin_2],
          layout_basic
D:4:      layout_loops_corners, lemuel_crystal_altar,
          minmay_temple_entry_statues_fountains
D:5:      layout_rooms, st_stairs_2
D:6:      nicolae_BIG_FREAKIN_CUBE, layout_rooms, uniq_sigmund
D:7:      layout_cave_pools, zin_angel
D:8:      layout_basic, dpeg_oklobed_lair, serial_curves, eino_curves_03,
          eino_curves_04
D:9:      layout_grid_maze, grunt_temple_overflow_open, blue_anna_alchemist
D:10:     layout_roguey, orc_0_dummy, uniq_grum
D:11:     layout_loops_ring, billiards_dpeg
D:12:     layout_irregular_city, nicolae_tso_swordbearing_angel, uniq_sonja
D:13:     layout_cave_pools, serial_bayou, serial_bayou_lagoon_a,
          serial_bayou_crossing, serial_bayou_pond_c, serial_bayou_shore_b,
          special_room [special_room_bee], uniq_erolcha
D:14:     layout_irregular_city, lightli_vaults_fourway_checkpoint,
          gammafunk_ghost_cemetery, bh_circular_ruins, uniq_louise
D:15:     grunt_enter_depths_snipers, layout_small_grid, corexii_checkpoint_a
Temple:   lightli_temple_of_artemis
Lair:1:   layout_big_grid, chequers_serial_rivers_micro_b, uniq_joseph
Lair:2:   layout_regular_city, minmay_swamp_entry_worms, grunt_megastairs_5
Lair:3:   layout_hall_layers, minmay_lair_oklob_items, beast_lair_carwin_8,
          serial_bayou_shore_a
Lair:4:   layout_regular_city, hellmonk_spider_entry_not_the_bees
Lair:5:   layout_cave_pods, slime_dummy, portal_ice_cave_rime
Lair:6:   minmay_lair_end_enchanted_forest, layout_regular_city, uniq_josephine
Orc:1:    layout_caves, basic_altar, serial_shops, shop, uniq_snorg
Orc:2:    st_orc_rangers, layout_diamond_mine
Elf:1:    layout_gridlike, minivault_28, nicolae_elf_archery_training

Skill      XL: |  1  2  3  4  5  6  7  8  9 10 11 12 13 14 15 |
---------------+----------------------------------------------+-----
Fighting       | 4 5 6 7 8 9 10 11 12 13 | 13.2
Axes           | 4 5 6 7 |  7.0
Armour         | 1 2 3 4 6 9 10 11 13 | 13.6
Dodging        | 4 5 6 7 8 9 10 | 10.0
Stealth        | 2 3 4 5 6 |  6.4
Maces & Flails | 2 4 6 |  6.1
Short Blades   | 3 6 8 10 12 13 14 | 14.7
Throwing       | 2 3 4 5 |  5.5
Shields        | 3 7 9 11 13 14 | 14.0
Slings         | 1 |  1.8

Action                   |  1- 3 |  4- 6 |  7- 9 | 10-12 | 13-15 || total
-------------------------+-------+-------+-------+-------+-------++-------
Melee: Hand axe          |    76 |    93 |       |       |       ||   169
       Headbutt          |    14 |    28 |    45 |   110 |   267 ||   464
       Whip              |       |    71 |    79 |       |       ||   150
       Punch             |       |     4 |     1 |       |       ||     5
       Rapier            |       |       |   153 |   416 |   788 ||  1357
       War axe           |       |       |       |       |    42 ||    42
 Fire: Hunting sling     |       |       |       |       |    31 ||    31
Throw: Boomerang         |       |       |    21 |    15 |    60 ||    96
Invok: Ancestor Life: Ba |       |       |       |     1 |       ||     1
       Recall Ancestor   |       |       |       |     2 |       ||     2
  Use: Scroll            |       |       |     7 |    12 |     7 ||    26
       Potion            |       |       |     1 |     8 |     2 ||    11
 Stab: Sleeping          |     4 |       |     4 |       |     9 ||    17
       Distracted        |       |       |       |     8 |    12 ||    20
Armor: Leather armour    |    18 |    24 |    26 |       |       ||    68
       Robe              |     1 |       |       |       |       ||     1
       Chain mail        |       |       |    23 |   151 |    49 ||   223
       Skin              |       |       |       |     3 |       ||     3
       Ring mail         |       |       |       |       |    78 ||    78
Dodge: Dodged            |    61 |   168 |   200 |   246 |   424 ||  1099
Block: Kite shield       |       |       |    33 |   250 |   529 ||   812
